 Dungeon Crawl Stone Soup version 0.30-b1-2-g02819fbbbe (webtiles) character file.

Game seed: 13736076082001742770

101455 snakesoul the Devastator (level 16, -2/102 HPs)
             Began as a Gargoyle Earth Elementalist on May 30, 2023.
             Was a High Priest of Vehumet.
             Shot with an arrow by a naga sharpshooter (10 damage)
             ... led by Vashnia
             ... on level 3 of the Snake Pit.
             The game lasted 01:34:49 (33815 turns).

snakesoul the Devastator (GrEE)                    Turns: 33815, Time: 01:34:50

Health: -2/102     AC: 32    Str: 15    XL:     16   Next: 30%
Magic:  8/30       EV: 11    Int: 28    God:    Vehumet [*****.]
Gold:   587        SH:  0    Dex: 10    Spells: 3/36 levels left

rFire   . . .        B - staff of conjuration
rCold   + . .        (no shield)
rNeg    + + .        b - +3 leather armour {rC+}
rPois   ∞            u - +2 helmet "Uxziapn" {SInv}
rElec   +            O - +1 cloak
rCorr   .            V - +2 pair of gloves
SInv    +            D - +1 pair of boots of Benevolence {Int+4}
Will    +....        (no amulet)
Stlth   ++           C - ring "Huuhe" {rN+ Int+3}
HPRegen 0.37/turn    R - +4 ring of protection
MPRegen 0.22/turn

%: no passive effects
@: flying, studying Maces & Flails
A: sickness immunity, AC +12, big wings, negative energy resistance 1,
electricity resistance, torment resistance 1, petrification resistance, frail 1
a: Renounce Religion


You were on level 3 of the Snake Pit.
You worshipped Vehumet.
Vehumet was extremely pleased with you.
You visited 5 branches of the dungeon, and saw 26 of its levels.

You collected 2950 gold pieces.
You spent 2363 gold pieces at shops.

Inventory:

Missiles
 J - 3 throwing nets
Armour
 b - a +3 leather armour of cold resistance (worn)
 s - the +4 robe "Fuuv Axi" {Will+ Regen+}
   (You took it off an orc on level 3 of the Dungeon)

   Regen:     It increases your rate of health regeneration.
   Will:      It increases your willpower.
 u - the +2 helmet "Uxziapn" (worn) {SInv}
   (You took it off Robin on level 3 of the Dungeon)

   SInv:      It lets you see invisible.
 D - the +1 pair of boots of Benevolence (worn) {Int+4}
   (You bought it in a shop on level 1 of the Snake Pit)

   Int:       It affects your intelligence (+4).
 O - a +1 cloak (worn)
 V - a +2 pair of gloves (worn)
Magical Staves
 k - a staff of cold
 y - a staff of air
 B - a staff of conjuration (weapon)
Jewellery
 g - an amulet of faith
 i - an amulet of guardian spirit
 C - the ring "Huuhe" (left hand) {rN+ Int+3}
   (You found it on level 6 of the Dungeon)

   [ring of positive energy]

   Int:       It affects your intelligence (+3).
   rN:        It protects you from negative energy.
 K - a ring of resist corrosion
 N - a ring of ice
 R - a +4 ring of protection (right hand)
Wands
 A - a wand of quicksilver (11)
 M - a wand of roots (15) (quivered)
 S - a wand of polymorph (4)
 T - a wand of flame (30)
 U - a wand of paralysis (19)
Scrolls
 a - 3 scrolls of silence
 c - 4 scrolls of poison
 d - 2 scrolls of amnesia
 e - 5 scrolls of enchant armour
 f - 8 scrolls of teleportation
 l - 3 scrolls of fog
 o - a scroll of immolation
 t - 4 scrolls of noise
 x - 2 scrolls of torment
 F - 3 scrolls of butterflies
 G - 10 scrolls of identify
 H - 2 scrolls of magic mapping
 Q - 3 scrolls of brand weapon
 W - a scroll of vulnerability {unknown}
Potions
 j - a potion of berserk rage
 m - 2 potions of ambrosia
 n - 3 potions of attraction
 p - 4 potions of flight
 q - 5 potions of lignification
 r - 6 potions of degeneration
 v - 6 potions of might
 z - 3 potions of curing
 E - a potion of cancellation {unknown}
 I - 3 potions of haste
 P - 4 potions of mutation {unknown}


   Skills:
 + Level 17.9 Fighting
 - Level 1.5 Dodging
 - Level 2.1 Stealth
 - Level 10.9 Spellcasting
 * Level 19.5 Conjurations
 - Level 6.2 Transmutations
 - Level 13.5 Earth Magic


You had 3 spell levels left.
You knew the following spells:

 Your Spells              Type           Power      Damage    Failure   Level
a - Sandblast             Erth           100%       2d20      0%          1
b - Passwall              Tmut/Erth      52%        N/A       1%          2
c - Stone Arrow           Conj/Erth      100%       3d13      0%          3
d - Petrify               Tmut/Erth      63%        N/A       1%          4
e - Iron Shot             Conj/Erth      52%        9d10      1%          6
f - Orb of Destruction    Conj           56%        9d14      1%          7
g - Lee's Rapid Deconstr  Erth           37%        3d18*     1%          5
h - Fireball              Conj/Fire      40%        3d16      1%          5

Your spell library contained the following spells:

 Spells                   Type           Power      Damage    Failure   Level
 Conjure Ball Lightning   Conj/Air       40%        3x3d13    3%          6
 Magic Dart               Conj           100%       1d8       0%          1
 Kiss of Death            Conj/Necr      100%       2d13      1%          1
 Shock                    Conj/Air       100%       1d9       1%          1
 Sting                    Tmut/Pois      100%       1d8       1%          1
 Poisonous Vapours        Pois/Air       30%        N/A       1%          2
 Dazzling Flash           Conj/Hex       100%       N/A       1%          3
 Mephitic Cloud           Conj/Pois/Air  67%        N/A       1%          3
 Spider Form              Tmut/Pois      32%        N/A       3%          3
 Apportation              Tloc           30%        N/A       4%          1
 Volatile Blastmotes      Fire/Tloc      30%        2d12      4%          3
 Call Imp                 Summ           30%        N/A       7%          2
 Ensorcelled Hibernation  Hex/Ice        30%        N/A       7%          2
 Call Canine Familiar     Summ           15%        N/A       14%         3
 Confusing Touch          Hex            15%        N/A       14%         3
 Portal Projectile        Hex/Tloc       30%        N/A       14%         3
 Swiftness                Air            15%        N/A       14%         3
 Iskenderun's Mystic Bla  Conj/Tloc      81%        2d16      1%          4
 Arcjolt                  Conj/Air       40%        1d50      1%          5
 Iskenderun's Battlesphe  Conj           100%       2d15      1%          5
 Leda's Liquefaction      Hex/Erth       26%        N/A       2%          4
 Starburst                Conj/Fire      40%        6d12      3%          6
 Airstrike                Air            7%         2d(2-18)  12%         4
 Olgreb's Toxic Radiance  Pois           15%        N/A       12%         4
 Spellforged Servitor     Conj/Summ      40%        N/A       17%         7
 Alistair's Intoxication  Tmut/Pois      21%        N/A       34%         5
 Anguish                  Hex/Necr       7%         N/A       41%         4
 Cause Fear               Hex            7%         N/A       41%         4
 Dispel Undead            Necr           15%        3d10      41%         4
 Dragon Form              Tmut           25%        N/A       96%         7
 Haunt                    Necr/Summ      7%         N/A       100%        7
 Dragon's Call            Summ           7%         N/A       100%        9
 Statue Form              Tmut/Erth      Unusable   N/A       N/A         6

Dungeon Overview and Level Annotations

Branches:
Dungeon (15/15)            Temple (1/1) D:6            Lair (5/5) D:11
  Swamp (0/4) Lair:2        Snake (3/4) Lair:2          Orc (2/2) D:12
    Elf (0/3) Orc:2        Vaults (0/5) D:13         Depths (0/4) D:15
  Slime: Lair:4-5

Altars:
Ashenzari
Dithmenos
Elyvilon
Fedhas
Hepliaklqana
Kikubaaqudgha
Nemelex Xobeh
Okawaru
Qazlal
Ru
Trog
Uskayaw
Vehumet
Wu Jian
Xom
Yredelemnul
Zin
The Shining One

Shops:
D:5 (   D:15 !   Orc:1 =   Orc:2 =*:[*!*[   Snake:1 [(   Snake:2 :(!

Annotations:
D:3 1 runed translucent door, Crazy Yiuf
D:14 6 transporters
Snake:1 2 transporters, exclusion: obsidian statue
Snake:3 Vashnia
Orc:2 Rupert


Innate Abilities, Weirdness & Mutations

You are immune to sickness and miasma.
Your stone body is resilient. (AC +12)
You are immune to poison.
Your large and strong wings let you fly.
You resist negative energy. (rN+)
You are resistant to electric shocks. (rElec)
You are resistant to unholy torment.
You are immune to petrification.
You are frail. (-10% HP)


Message History

The anaconda grabs your butterfly. The anaconda bites your butterfly.
Your butterfly dies!
Your butterfly disappears in a burst of colours!
The naga sharpshooter shoots an arrow.
The arrow hits you.
* * * LOW HITPOINT WARNING * * *
The anaconda closely misses your butterfly. x2
The naga sharpshooter mumbles some strange words.
The naga sharpshooter magically shoots an arrow.
The arrow hits your butterfly!!
Your butterfly dies!
Your butterfly disappears in a burst of colours!
The black mamba barely misses your butterfly.
Unknown command.
The black mamba closely misses your butterfly.
The naga sharpshooter shoots an arrow.
The arrow hits you but does no damage. The anaconda grabs your butterfly.
The anaconda bites your butterfly.
Your butterfly dies!
Your butterfly disappears in a burst of colours!
The black mamba misses your butterfly. The anaconda grabs your butterfly.
The anaconda bites your butterfly.
Your butterfly dies!
Your butterfly disappears in a burst of colours!
The naga sharpshooter spits poison at you.
The splash of poison hits you but does no damage.
You resist.
A naga sharpshooter comes into view. It is wielding a +4 glaive.
Unknown command.
An anaconda zombie comes into view.
The anaconda grabs your butterfly. The anaconda bites your butterfly!
Your butterfly dies!
Your butterfly disappears in a burst of colours!
The naga sharpshooter gestures wildly while chanting.
The naga sharpshooter magically shoots an arrow.
The arrow hits you.
* * * LOW HITPOINT WARNING * * *
Unknown command.
The naga sharpshooter casts a spell.
The naga sharpshooter magically shoots an arrow.
The arrow hits you!
You die...

#..## ##..NN...#.#...........
## #.#####..##.....##....
#....##.##..).........
##....###.N.......>...
#....#............#
#.⌠.#............#
...#...bb.......#
.##...b..)..##. ..
##..@.b.bb.## ...
#...NSb..b.## ....
###...S...bb..####..#
..#######......N.b.b........##
........).......b.b)b........#
#######.###...b..Sb)b.[.....#
#...##..).b.bbZ.).....#
#....##>.§§b.....#...##
##....#...§§§§...##..#


You could see 3 naga sharpshooters, an anaconda, 2 black mambas and an anaconda
zombie.

Vanquished Creatures
  Kirke (Snake:2)
  Aizul (Snake:2)
  Azrael (D:15)
  Snorg (Lair:4)
  4 hydras
  A fire dragon (D:15)
  2 ice dragons (D:15)
  A vault guard (D:13)
  Erolcha (D:9)
  Harold (D:9)
  A salamander tyrant (Snake:2)
  6 centaur warriors
  A catoblepas (Lair:1)
  3 two-headed ogres
  4 anacondas
  4 boulder beetles
  2 death yaks (Lair:4)
  5 naga warriors
  5 orc high priests (Orc:2)
  2 tengu warriors (D:13)
  4 naga sharpshooters
  Urug (D:11)
  2 shock serpents
  Lodul (D:13)
  2 salamander mystics
  5 sea snakes
  2 bog bodies (Lair:2)
  3 naga ritualists
  5 deep elf pyromancers
  3 orc knights
  An orc sorcerer (Orc:1)
  9 mana vipers
  3 ugly things
  10 salamanders
  3 manticores
  4 cyclopes
  A guardian serpent (Snake:3)
  19 black mambas
  8 naga magi
  A torpor snail (Lair:1)
  4 gargoyles
  Joseph (D:7)
  5 elephants
  Maggie (D:9)
  9 cane toads
  2 kobold demonologists (D:12)
  5 rime drakes
  4 komodo dragons
  3 unseen horrors
  A yaktaur (D:12)
  A tengu conjurer (D:14)
  2 efreet (D:13)
  2 polar bears
  5 trolls
  Grinder (D:3)
  20 blink frogs
  7 slime creatures
  Sigmund (D:2)
  3 shadows
  2 wyverns
  A spriggan (Lair:1)
  2 wraiths
  2 vampires
  30 yaks
  3 vampire mosquitoes
  3 basilisks
  4 fire elementals (D:15)
  3 steam dragons
  10 wargs
  5 acid dragons
  16 nagas
  6 water moccasins
  18 orc warriors
  4 hell hounds (D:15)
  An ice beast (D:7)
  5 black bears
  15 ogres
  6 wolves (Lair:1)
  5 centaurs
  2 phantoms (D:6)
  4 kobold brigands
  2 gnoll sergeants (D:12)
  14 bullfrogs
  2 scorpions
  7 wights
  14 killer bees
  3 howler monkeys
  An electric eel (Snake:1)
  5 hounds
  A gnoll bouda (Orc:1)
  2 jellies (D:6)
  38 orc priests
  An iguana (D:5)
  18 orc wizards
  Robin (D:3)
  17 gnolls
  10 adders
  A shadow imp (D:5)
  A white imp (D:6)
  2 ufetubi (D:6)
  A worm (D:4)
  3 dart slugs
  94 orcs
  10 endoplasms
  3 giant cockroaches
  7 hobgoblins
  10 jackals
  16 kobolds
  3 quokkas
  7 ball pythons
  6 bats
  4 frilled lizards
  14 goblins
  6 rats
682 creatures vanquished.

Vanquished Creatures (others)
  4 humans (Snake:3)
  56 fungi
  70 plants
130 creatures vanquished.

Grand Total: 812 creatures vanquished

Notes
Turn   | Place    | Note
-------+----------+-------------------------------------------
     0 | D:1      | snakesoul the Gargoyle Earth Elementalist began the quest
                  | for the Orb.
     0 | D:1      | Reached XP level 1. HP: 10/10 MP: 3/3
    70 | D:1      | Reached skill level 1 in Transmutations
   182 | D:1      | Reached XP level 2. HP: 3/15 MP: 0/5
   655 | D:1      | Reached XP level 3. HP: 17/19 MP: 4/6
  1080 | D:1      | Learned a level 2 spell: Passwall
  1084 | D:1      | Learned a level 3 spell: Stone Arrow
  1523 | D:2      | Noticed Sigmund
  1529 | D:2      | Killed Sigmund
  1530 | D:2      | Reached skill level 2 in Conjurations
  1530 | D:2      | Reached XP level 4. HP: 10/24 MP: 5/9
  1530 | D:2      | Reached XP level 5. HP: 11/28 MP: 5/10
  1535 | D:2      | Learned a level 4 spell: Petrify
  1748 | D:2      | Reached XP level 6. HP: 32/32 MP: 7/11
  2280 | D:3      | Reached skill level 3 in Conjurations
  2883 | D:3      | Identified the +4 robe "Fuuv Axi" {Will+ Regen+}
  3038 | D:3      | Identified the +2 helmet "Uxziapn" {SInv}
  3038 | D:3      | Noticed Robin
  3047 | D:3      | Killed Robin
  3371 | D:3      | Noticed Grinder
  3388 | D:3      | Killed Grinder
  3389 | D:3      | Reached skill level 4 in Conjurations
  3389 | D:3      | Reached XP level 7. HP: 30/36 MP: 4/13
  3605 | D:3      | Found a runed translucent door.
  3606 | D:3      | Noticed Crazy Yiuf
  3958 | D:4      | Found a sparkling altar of Nemelex Xobeh.
  4615 | D:5      | Entered Level 5 of the Dungeon
  4673 | D:5      | Found a sacrificial altar of Ru.
  4806 | D:5      | Reached skill level 5 in Conjurations
  4806 | D:5      | Reached XP level 8. HP: 41/41 MP: 10/15
  4870 | D:5      | Reached skill level 5 in Spellcasting
  5081 | D:5      | Found a broken altar of Ashenzari.
  5320 | D:5      | Learned a level 6 spell: Iron Shot
  5500 | D:5      | Reached skill level 1 in Fighting
  5592 | D:5      | Reached skill level 5 in Transmutations
  5677 | D:5      | Found Diwkeab's Weapon Boutique.
  6028 | D:6      | Reached skill level 5 in Earth Magic
  6030 | D:6      | Reached XP level 9. HP: 33/49 MP: 11/18
  6074 | D:6      | Identified the ring "Huuhe" {rN+ Int+3}
  6151 | D:6      | Found a stormy altar of Qazlal.
  6204 | D:6      | Identified the +8 war axe of Tender Mercy {flame, Dex+6}
  6273 | D:6      | Found a staircase to the Ecumenical Temple.
  6273 | D:6      | You fall into a shaft and drop 2 floors!
  7099 | D:6      | Found a shadowy altar of Dithmenos.
  7183 | Temple   | Entered the Ecumenical Temple
  7199 | Temple   | Became a worshipper of Vehumet
  7230 | D:6      | Found a white marble altar of Elyvilon.
  7707 | D:6      | Found a basalt altar of Yredelemnul.
  7707 | D:6      | Found a glowing silver altar of Zin.
  7708 | D:6      | Found a bloodstained altar of Trog.
  7776 | D:7      | Reached skill level 5 in Fighting
  7776 | D:7      | Reached XP level 10. HP: 47/59 MP: 16/20
  7923 | D:7      | Noticed Joseph
  7937 | D:7      | Killed Joseph
  7938 | D:7      | Reached skill level 6 in Conjurations
  8922 | D:9      | Noticed Erolcha
  8926 | D:9      | Killed Erolcha
  9067 | D:9      | Noticed Maggie
  9075 | D:9      | Killed Maggie
  9076 | D:9      | Reached skill level 7 in Conjurations
  9274 | D:9      | Noticed Harold
  9290 | D:9      | Killed Harold
  9797 | D:9      | Reached * piety under Vehumet
  9797 | D:9      | Offered knowledge of Freeze by Vehumet.
  9816 | D:9      | Reached XP level 11. HP: 53/67 MP: 9/23
 10183 | D:9      | Identified the +8 chain mail of Pateir {Stlth+}
 10231 | D:10     | Entered Level 10 of the Dungeon
 10251 | D:10     | Noticed a two-headed ogre
 10262 | D:10     | Killed a two-headed ogre
 10320 | D:10     | Reached skill level 8 in Conjurations
 10331 | D:10     | Offered knowledge of Foxfire by Vehumet.
 10333 | D:10     | Reached ** piety under Vehumet
 10519 | D:10     | Found an ancient bone altar of Kikubaaqudgha.
 10521 | D:10     | Noticed an orc knight
 10530 | D:10     | Killed an orc knight
 10610 | D:10     | Identified the +7 ring mail of Free Expression {+Inv rN+}
 10712 | D:10     | Noticed a cyan ugly thing
 10713 | D:10     | Found a blossoming altar of Fedhas.
 10719 | D:10     | Killed a cyan ugly thing
 11137 | D:11     | Noticed a two-headed ogre
 11146 | D:11     | Killed a two-headed ogre
 11147 | D:11     | Reached skill level 10 in Earth Magic
 11274 | D:11     | Reached skill level 9 in Conjurations
 11324 | D:11     | Noticed a red ugly thing
 11332 | D:11     | Killed a red ugly thing
 11332 | D:11     | Offered knowledge of Ignite Poison by Vehumet.
 11456 | D:11     | Found a staircase to the Lair.
 11502 | D:11     | Reached XP level 12. HP: 75/75 MP: 25/25
 12048 | D:11     | Noticed Urug
 12576 | D:12     | Found a staircase to the Orcish Mines.
 12593 | D:11     | Reached *** piety under Vehumet
 12835 | D:12     | Noticed a boulder beetle
 12858 | D:12     | Killed a boulder beetle
 12859 | D:12     | Reached skill level 10 in Conjurations
 13223 | D:12     | Reached skill level 10 in Spellcasting
 13511 | D:12     | Offered knowledge of Hailstorm by Vehumet.
 14027 | D:13     | Reached skill level 10 in Fighting
 14164 | D:13     | Noticed a tengu warrior
 14165 | D:13     | Noticed a tengu warrior
 14178 | D:13     | Killed a tengu warrior
 14205 | D:13     | Noticed a five-headed hydra
 14342 | Lair:1   | Entered Level 1 of the Lair of Beasts
 14683 | Lair:1   | Reached **** piety under Vehumet
 14687 | Lair:1   | Reached XP level 13. HP: 83/83 MP: 15/27
 14797 | Lair:1   | Reached skill level 11 in Conjurations
 14868 | Lair:1   | Offered knowledge of Freezing Cloud by Vehumet.
 16090 | Lair:2   | Found a staircase to the Snake Pit.
 16129 | Lair:2   | Found a staircase to the Swamp.
 16978 | Lair:3   | Reached skill level 12 in Conjurations
 17499 | Lair:3   | Reached ***** piety under Vehumet
 17499 | Lair:3   | Offered knowledge of Orb of Destruction by Vehumet.
 17510 | Lair:3   | Learned a level 7 spell: Orb of Destruction
 18048 | Lair:4   | Noticed Snorg
 18077 | Lair:4   | Killed Snorg
 18078 | Lair:4   | Reached skill level 13 in Conjurations
 18784 | Lair:5   | Entered Level 5 of the Lair of Beasts
 18936 | Lair:4   | Gained mutation: Your large and strong wings let you fly.
                  | [Gargoyle growth]
 18936 | Lair:4   | Reached XP level 14. HP: 92/92 MP: 15/28
 19217 | D:11     | Killed Urug
 19301 | Orc:1    | Entered Level 1 of the Orcish Mines
 19578 | Orc:1    | Found Mihuodud's Jewellery Boutique.
 19604 | Orc:1    | Reached skill level 14 in Conjurations
 20060 | Orc:2    | Entered Level 2 of the Orcish Mines
 20141 | Orc:2    | Found a staircase to the Elven Halls.
 20330 | Orc:2    | Noticed Rupert
 20368 | Orc:2    | Found Urentam's Book Shoppe.
 20376 | Orc:2    | Bought a book of the Earth for 504 gold pieces
 20382 | Orc:2    | Learned a level 5 spell: Lee's Rapid Deconstruction
 20521 | Orc:2    | Found Bud Cinn's Armour Emporium.
 20534 | Orc:2    | Bought a +3 leather armour of cold resistance for 432 gold
                  | pieces
 20534 | Orc:2    | Bought a +2 pair of gloves for 297 gold pieces
 20658 | Orc:2    | Found Tuub Rau's Assorted Antiques.
 20666 | Orc:2    | Bought a scroll of identify for 42 gold pieces
 20666 | Orc:2    | Bought a scroll labelled SUPSUIHEGU for 21 gold pieces
 20666 | Orc:2    | Bought a dented garnet amulet for 105 gold pieces
 20666 | Orc:2    | Bought a scroll of identify for 42 gold pieces
 20678 | Orc:2    | Found Nitaicos's Armour Shoppe.
 20732 | Orc:2    | Found a shimmering altar of Xom.
 20794 | Orc:1    | Offered knowledge of Fireball by Vehumet.
 20875 | Orc:1    | Learned a level 5 spell: Fireball
 21100 | Orc:2    | Found Hophoorr's Distillery.
 21100 | Orc:2    | Found Ocuud's Assorted Antiques.
 21137 | Orc:2    | Bought a potion of heal wounds for 75 gold pieces
 21137 | Orc:2    | Bought a potion of haste for 150 gold pieces
 21146 | Orc:2    | Bought a runed fluorescent amulet for 175 gold pieces
 21146 | Orc:2    | Bought a potion of heal wounds for 175 gold pieces
 21289 | Orc:2    | Gained mutation: You are frail. (-10% HP) [a neqoxec]
 21390 | Orc:2    | Found Ususag's General Store.
 21390 | Orc:2    | Found Caukhlotz's Jewellery Emporium.
 21396 | Orc:2    | Bought a scroll of teleportation for 36 gold pieces
 21396 | Orc:2    | Bought a scroll of identify for 24 gold pieces
 22035 | D:13     | Reached skill level 15 in Conjurations
 22111 | D:13     | Identified the +0 chain mail of Dithmenos's Wrath {-Tele
                  | rPois Int+4 Slay+2}
 22746 | D:13     | Noticed Lodul
 23198 | D:13     | Killed Lodul
 23335 | D:13     | Reached skill level 15 in Fighting
 24150 | D:13     | Found a gate to the Vaults.
 24284 | D:14     | Reached skill level 16 in Conjurations
 24418 | D:14     | Found a transporter.
 24423 | D:14     | Found a transporter.
 24484 | D:14     | Found a transporter.
 24488 | D:14     | Found a transporter.
 24602 | D:14     | Found a transporter.
 24607 | D:14     | Found a transporter.
 25305 | D:14     | Reached XP level 15. HP: 88/93 MP: 7/29
 25511 | D:15     | Entered Level 15 of the Dungeon
 26479 | D:15     | Noticed Azrael
 26493 | D:15     | Killed Azrael
 26697 | D:15     | Found Xafuipp's Distillery.
 26844 | D:15     | Reached skill level 17 in Conjurations
 27175 | D:15     | Found a staircase to the Depths.
 27633 | Snake:1  | Entered Level 1 of the Snake Pit
 28014 | Snake:1  | Found a transporter.
 28044 | Snake:1  | Offered knowledge of Ozocubu's Refrigeration by Vehumet.
 28754 | Snake:1  | Found Furpheal's Weapon Emporium.
 28755 | Snake:1  | Found Ciabra Noaso's Antique Armour Boutique.
 28791 | Snake:1  | Bought a pair of translucent boots for 285 gold pieces
 28791 | Snake:1  | Identified the +1 pair of boots of Benevolence {Int+4} (You
                  | bought it in a shop on level 1 of the Snake Pit)
 29213 | Snake:1  | Reached skill level 18 in Conjurations
 29330 | Snake:1  | Found a transporter.
 29349 | Snake:1  | You are sucked into a shaft and drop 1 floor!
 29658 | Snake:2  | Got the Omnibus of Vapourous Assembling
 29956 | Snake:2  | Found Pyr Fia's Distillery.
 29958 | Snake:2  | Found Xammopsuizi's Antique Weapon Shop.
 29961 | Snake:2  | Found Weunluor's Book Boutique.
 31263 | Snake:2  | Identified the +0 robe of the Slug {-Cast Str+6 Dex+5}
 31740 | Snake:2  | Reached XP level 16. HP: 94/100 MP: 18/30
 31891 | Snake:3  | Noticed Kirke
 31906 | Snake:2  | Killed Kirke
 32002 | Snake:2  | HP: 5/100 [naga sharpshooter/bolt (21)]
 32269 | Snake:3  | Reached skill level 19 in Conjurations
 33289 | Snake:3  | Noticed Aizul
 33327 | Snake:2  | HP: 4/102 [Aizul/poison arrow (9)]
 33341 | Snake:2  | Killed Aizul
 33594 | Snake:3  | Offered knowledge of Conjure Ball Lightning by Vehumet.
 33613 | Snake:3  | Noticed Vashnia
 33815 | Snake:3  | Shot with an arrow by a naga sharpshooter

Illustrated notes

Levels and vault maps discovered:
D:1:      dpeg_arrival_boxes_within_box, layout_basic, serial_glass,
          glass_columns_c, glass_columns_c, glass_columns_a, glass_columns_b,
          glass_columns_a, glass_columns_a, glass_columns_b, glass_columns_a
D:2:      layout_basic, minmay_randomly_rotated_circles, uniq_sigmund
D:3:      layout_basic, serial_curves, eino_curves_01, eino_curves_01,
          eino_curves_02, uniq_grinder, uniq_crazy_yiuf_cottage, uniq_robin
D:4:      layout_basic, nemelex_xobeh_ov_fountains_minmay
D:5:      layout_loops_ring, mainiacjoe_overflow_surrounded_room,
          hangedman_ru_absence, serial_shops, nicolae_shop_waterfront
D:6:      layout_loops_ring, lemuel_doored_altar,
          nicolae_dithmenos_through_a_glass_darkly,
          gammafunk_temple_overflow_claw, lemuel_round_altar,
          minmay_temple_entry_stoned_glass
D:7:      layout_basic, lemuel_flamethrower_2, uniq_joseph
D:8:      layout_basic, minmay_manual_mares
D:9:      layout_basic, special_room [special_room_orc], uniq_erolcha,
          uniq_harold, uniq_maggie
D:10:     layout_rooms, hangedman_feature_mirror,
          chequers_serial_rivers_large_a, minmay_misc_feat_enclosed,
          kennysheep_generic_room_7
D:11:     layout_basic, due_lair_maze_entry_diamond, portal_ice_cave_rime,
          uniq_urug
D:12:     layout_loops_corners, kennysheep_orc_monster_closet_entryway
D:13:     layout_cross, david_vaults_5, uniq_lodul
D:14:     layout_basic, patterned_corridor, serial_nicolae_subway,
          nicolae_sub_station_metal, nicolae_sub_station_stone,
          nicolae_sub_station_crystal
D:15:     grunt_enter_depths_hoard, layout_gridville, serial_shops, shop,
          serial_park_square1 [serial_park_minivault_5x5_3], uniq_azrael
Temple:   dshaligram_water_room_temple
Lair:1:   layout_regular_city, grunt_forest_large_clearing_hut
Lair:2:   layout_layer_cave, skrybe_swamp_entry_bodies,
          minmay_snake_entry_guardpost_small
Lair:3:   layout_regular_city
Lair:4:   layout_roguey, lemuel_fruit_tree, uniq_snorg
Lair:5:   guppyfry_lair_end_dragon, layout_hall_layers,
          nicolae_slime_entry_field_trip, chequers_serial_rivers_micro_c
Snake:1:  gammafunk_sealed_arena, layout_misc_corridors,
          nicolae_wooded_promenade, serial_bayou_shore_b
Snake:2:  layout_basic, grunt_megastairs_2, serial_bayou_shore_b,
          minmay_shop_star
Snake:3:  layout_cave_shapes, nicolae_snake_dead_anacondas,
          nicolae_triple_integral, uniq_aizul, uniq_kirke, uniq_vashnia
Orc:1:    layout_caves, serial_shops, shop
Orc:2:    st_orc_town, layout_diamond_mine, serial_shops,
          nicolae_lakefront_shop, nicolae_shop_statue_plus,
          nicolae_shop_tiny_glass, shop, basic_altar, uniq_rupert

Skill      XL: |  1  2  3  4  5  6  7  8  9 10 11 12 13 14 15 16 |
---------------+-------------------------------------------------+-----
Transmutations | 1 2 3 4 5 6 |  6.2
Earth Magic    | 4 5 7 8 10 12 13 | 13.5
Spellcasting   | 3 4 6 7 8 9 10 | 10.9
Conjurations   | 2 4 5 7 9 10 13 16 18 19 | 19.5
Fighting       | 2 5 7 8 10 12 15 17 | 17.9
Dodging        | |  1.5
Stealth        | |  2.1

Action                     |  1- 3 |  4- 6 |  7- 9 | 10-12 | 13-15 | 16-18 || total
---------------------------+-------+-------+-------+-------+-------+-------++-------
  Melee: Unarmed           |    24 |       |       |       |       |     7 ||    31
         Club              |     3 |       |       |       |       |       ||     3
         Staff             |       |       |       |       |       |     1 ||     1
   Fire: Sling             |    23 |    43 |    42 |       |       |       ||   108
   Cast: Sandblast         |    51 |    85 |   194 |   326 |   680 |    23 ||  1359
         Stone Arrow       |       |       |    18 |    95 |   105 |    21 ||   239
         Petrify           |       |       |       |    16 |       |     1 ||    17
         Orb of Destructio |       |       |       |       |   124 |    37 ||   161
         Iron Shot         |       |       |       |       |     5 |       ||     5
         Lee's Rapid Decon |       |       |       |       |     4 |       ||     4
         Fireball          |       |       |       |       |     7 |       ||     7
  Evoke: Wand              |       |       |       |       |       |     4 ||     4
    Use: Scroll            |       |       |    10 |     1 |    17 |     6 ||    34
         Potion            |       |       |     3 |     1 |     5 |    11 ||    20
 Armour: Robe              |    29 |    30 |    81 |   141 |   190 |       ||   471
         Leather armour    |       |       |       |       |   255 |    94 ||   349
  Dodge: Dodged            |    32 |    36 |   124 |   115 |   374 |    72 ||   753
